 Dungeon Crawl Stone Soup version 0.20-a0-454-g2b43fbb (webtiles) character file.

60 HarleyQuinn the Ruffian (level 3, -13/27 HPs)
             Began as a Demonspawn Gladiator on Jan 8, 2017.
             Mangled by an orc warrior
             ... wielding a +0 flail
              (14 damage)
             ... on level 3 of the Dungeon.
             The game lasted 00:02:21 (1259 turns).

HarleyQuinn the Ruffian (Demonspawn Gladiator)      Turns: 1259, Time: 00:02:22

Health: -13/27     AC:  9    Str: 15    XL:     3   Next: 80%
Magic:  3/3        EV: 15    Int:  9    God:
Gold:   73         SH:  0    Dex: 19    Spells: 2/2 levels left

rFire  . . .     SeeInvis .       - Unarmed
rCold  . . .     Gourm    .     p - +0 scale mail (curse)
rNeg   . . .     Faith    .     (no shield)
rPois  .         Spirit   .     s - +2 helmet
rElec  .         Reflect  .     (no cloak)
rCorr  .         Harm     .     (no gloves)
MR     .....                    (no boots)
Stlth  +.........               (no amulet)
                                (no ring)
                                (no ring)

@: agile
A: spiny 1
a: no special abilities


You were on level 3 of the Dungeon.
You were not hungry.

You visited 1 branch of the dungeon, and saw 3 of its levels.

You collected 73 gold pieces.

Inventory:

Missiles
 c - 3 throwing nets (quivered)
Armour
 b - a +0 helmet
 p - a cursed +0 scale mail (worn)
 s - a +2 helmet (worn)
Scrolls
 h - 2 scrolls of amnesia {unknown}
 i - 2 scrolls of recharging {unknown}
 k - a scroll of blinking {unknown}
 l - 2 scrolls of identify {unknown}
 m - a scroll of remove curse {unknown}
 n - a scroll of immolation {unknown}
 t - a scroll of fog {unknown}
 u - a scroll of teleportation {unknown}
Potions
 e - a potion of degeneration {unknown}
 g - a potion of cancellation {unknown}
 j - a potion of curing {unknown}
 o - a potion of resistance {unknown}
Comestibles
 a - a royal jelly
 d - 3 bread rations
 f - a chunk of flesh
 q - a beef jerky


   Skills:
 - Level 2.0 Fighting
 - Level 1.7 Throwing
 - Level 2.6 Dodging
 + Level 4.3 Unarmed Combat


You had 2 spell levels left.
You didn't know any spells.

Dungeon Overview and Level Annotations

Branches:
Dungeon (3/15)

Altars:


Innate Abilities, Weirdness & Mutations

You are partially covered in sharp spines.


Message History

You hit the orc warrior but do no damage.
The orc warrior is struck by your spines.
The orc warrior barely misses you.
Your scale mail prevents you from hitting the orc warrior.
The orc warrior is lightly wounded.
The orc closely misses you.
You closely miss the orc warrior.
The orc warrior is lightly wounded.
The orc warrior hits you with a flail. The orc closely misses you.
You closely miss the orc warrior.
The orc warrior is lightly wounded.
The orc warrior hits you with a flail!
* * * LOW HITPOINT WARNING * * *
The orc barely misses you.
You barely miss the orc warrior.
You punch the orc warrior, but do no damage.
The orc warrior is lightly wounded.
The orc warrior hits you with a flail!
Ouch! That really hurt!
You die...

#.# #.# ... .....
#.#o# #.#o# #.#o#
#.#@# #.#.#
#.#.#####.
#######..........
#
#.......#.#####.#
#.###.......#.#
##.#.........+.#
#.......)...[###
###.........#


You could see an orc warrior and 2 orcs.

Vanquished Creatures
  2 adders (D:2)
  A worm (D:2)
  A dart slug (D:2)
  2 orcs (D:3)
  2 giant cockroaches (D:1)
  A goblin (D:1)
  7 hobgoblins
  7 bats
  3 frilled lizards
  6 kobolds
  3 rats
35 creatures vanquished.

Notes
Turn   | Place    | Note
-------+----------+-------------------------------------------
     0 | D:1      | HarleyQuinn the Demonspawn Gladiator began the quest for the Orb.
     0 | D:1      | Reached XP level 1. HP: 16/16 MP: 1/1
    55 | D:1      | Reached skill level 3 in Unarmed Combat
   136 | D:1      | Gained mutation: You are partially covered in sharp spines. [demonic ancestry]
   136 | D:1      | Reached XP level 2. HP: 17/22 MP: 2/2
   789 | D:2      | Reached XP level 3. HP: 27/27 MP: 3/3
   817 | D:2      | Reached skill level 4 in Unarmed Combat
  1251 | D:3      | Noticed an orc warrior
  1258 | D:3      | HP: 1/27 [orc warrior/flail (9)]
  1259 | D:3      | Mangled by an orc warrior

Vault maps used:
D:1:      dpeg_arrival_ternary
D:2:      first_bread
D:3:      grunt_temple_overflow_magic_moments, uniq_terence, uniq_grinder

Skill      XL: |  1  2  3 |
---------------+----------+-----
Unarmed Combat | 3 4 |  4.3
Fighting       | |  2.0
Throwing       | |  1.7
Dodging        | |  2.6

Action                   || total
-------------------------++-------
Melee: Unarmed           ||   103
       Punch             ||     2
  Use: Potion            ||     1
 Stab: Sleeping          ||     1
  Eat: Chunk             ||     1
Armor: Leather armour    ||    16
       Scale mail        ||    11
Dodge: Dodged            ||    70
